 Dungeon Crawl Stone Soup version 0.30-a0-321-gf7783e6616 (webtiles) character file.

Game seed: 13221555612105203613

41 Bnni the Grave Robber (level 3, 0/26 HPs)
             Began as a Demonspawn Necromancer on Oct 26, 2022.
             Slain by a goblin
             ... wielding a +0 trident
              (5 damage)
             ... on level 2 of the Dungeon.
             The game lasted 00:02:17 (1090 turns).

Bnni the Grave Robber (Demonspawn Necromancer)      Turns: 1090, Time: 00:02:17

Health: 0/26       AC:  5    Str: 10    XL:     3   Next: 32%
Magic:  6/6        EV: 12    Int: 16    God:
Gold:   37         SH:  0    Dex: 13    Spells: 3/7 levels left

rFire   . . .      SeeInvis .    d - +0 sling
rCold   . . .      Faith    .    (no shield)
rNeg    . . .      Spirit   .    a - +0 robe
rPois   .          Reflect  .    (helmet restricted)
rElec   .          Harm     .    n - +2 cloak
rCorr   .          Rampage  .    (no gloves)
Will    .....                    (no boots)
Stlth   ++........               (no amulet)
HPRegen 0.24/turn                (no ring)
MPRegen 0.10/turn                (no ring)

@: lethally poisoned (0 -> -5), flying
A: horns 1
a: no special abilities


You were on level 2 of the Dungeon.
You visited 1 branch of the dungeon, and saw 2 of its levels.

You collected 37 gold pieces.

Inventory:

Hand Weapons
 d - a +0 sling (weapon)
Missiles
 f - 6 poisoned darts
Armour
 a - a +0 robe (worn)
 n - a +2 cloak (worn)
Jewellery
 j - a ring of positive energy
Scrolls
 c - 2 scrolls of identify {unknown}
 e - 2 scrolls of teleportation {unknown}
 g - a scroll of blinking {unknown}
Potions
 b - 2 potions of magic
 h - a potion of flight
 i - a potion of might {unknown}
 k - 2 potions of resistance {unknown}
 l - a potion of curing {unknown}
 m - a potion of attraction {unknown}


   Skills:
 + Level 1.2 Fighting
 - Level 1.7 Dodging
 - Level 1.7 Stealth
 + Level 2.5 Spellcasting
 * Level 5.1 Necromancy


You had 3 spell levels left.
You knew the following spells:

 Your Spells              Type           Power      Damage    Failure   Level
a - Necrotise             Necr           72%        1d7       2%          1
b - Vampiric Draining     Necr           18%        2d7       8%          3

Your spell library contained the following spells:

 Spells                   Type           Power      Damage    Failure   Level
 Ensorcelled Hibernation  Hex/Ice        4%         N/A       30%         2
 Passwall                 Tmut/Erth      1%         N/A       30%         2
 Swiftness                Air            2%         N/A       52%         3
 Animate Dead             Necr           18%        N/A       24%         4
 Agony                    Necr           18%        N/A       56%         5


Dungeon Overview and Level Annotations

Branches:
Dungeon (2/15)

Altars:

Shops:
D:1 :


Innate Abilities, Weirdness & Mutations

You have a pair of small horns on your head.


Message History

The goblin drinks a potion.
The goblin flickers and vanishes!
Deactivating autopickup; reactivate with Ctrl-A.
You hear an angry hiss.
No target in view!
Fire: d) +0 sling
Press: ? - help, Q - select action, (/) - cycle Shift-Dir - straight line You shoot a sling bullet.
An adder comes into view.
You shoot a sling bullet.
The sling bullet barely misses the adder.
You shoot a sling bullet.
The sling bullet closely misses the adder.
Something hits you.
There is an open door here.
You see here a rat corpse.
You shoot a sling bullet.
The sling bullet closely misses the adder.
Something hits you but does no damage.
You shoot a sling bullet. The sling bullet hits the adder.
The adder is heavily wounded.
The adder bites you. Something hits you. The adder bites you.
Something hits you.
You are too injured to fight recklessly!
Unknown command.
The adder bites you but does no damage.
Okay, then.
Okay, then.
You shoot a sling bullet. The sling bullet hits the adder.
The adder is almost dead.
The adder bites you.
You are poisoned.
The adder poisons you! Something hits you.
* * * LOW HITPOINT WARNING * * *
Unknown command.
It was a potion of flight.
You feel very buoyant.
You fly up into the air.
* * * LOW HITPOINT WARNING * * *
You feel sick. The adder bites you but does no damage. Something hits you.
You die...

######## #########.
......#######.........
#.........##.######..
#.........##.####.#..
#.........##.#....#..
#.[.......##.#.##.#..
####{#######.#.#.....
#S# ####.#.#..#.#
##@####....#.####.#
#.....#†####......#
#####.#.###########
#...#........[...
#....############
#.##.# ##
######.###### #.
+...........# #.
######<.....# #.


You could see an adder.

Vanquished Creatures
  An adder (D:2)
  A worm (D:2)
  4 bats (D:1)
  4 endoplasms
  6 goblins
  2 hobgoblins (D:1)
  3 ball pythons
  2 frilled lizards (D:2)
  5 rats
28 creatures vanquished.

Vanquished Creatures (collateral kills)
  A hobgoblin (D:1)
1 creature vanquished.

Grand Total: 29 creatures vanquished

Notes
Turn   | Place    | Note
-------+----------+-------------------------------------------
     0 | D:1      | Bnni the Demonspawn Necromancer began the quest for the
                  | Orb.
     0 | D:1      | Reached XP level 1. HP: 13/13 MP: 3/3
   151 | D:1      | Gained mutation: You have a pair of small horns on your
                  | head. [demonic ancestry]
   151 | D:1      | Reached XP level 2. HP: 9/20 MP: 1/5
   219 | D:1      | Found Piomp's Vocational Training.
   636 | D:2      | Reached skill level 1 in Fighting
   691 | D:2      | Reached skill level 5 in Necromancy
   691 | D:2      | Reached XP level 3. HP: 23/26 MP: 6/6
  1079 | D:2      | Learned a level 3 spell: Vampiric Draining
  1090 | D:2      | Slain by a goblin

Illustrated notes

Levels and vault maps discovered:
D:1:      ncdulo_wetmaze, layout_rooms, kennysheep_decorative_pillar,
          nrook_mini_backslash, chequers_serial_rivers_room_a,
          nicolae_shop_vocational
D:2:      layout_basic, hex_large, minmay_increasing_density

Skill      XL: |  1  2 |
---------------+-------+-----
Fighting       | 1 |  1.2
Necromancy     | 5 |  5.1
Dodging        | |  1.7
Stealth        | |  1.7
Spellcasting   | |  2.5

Action                   || total
-------------------------++-------
Melee: Unarmed           ||     4
 Fire: Sling             ||   104
Throw: Dart              ||     6
 Cast: Necrotise         ||     6
  Use: Potion            ||     1
Armor: Robe              ||    13
Dodge: Dodged            ||    37

Table legend: (Time is in decaauts)
 A = Elapsed time spent in this place.
 B = Non-inter-level travel time spent in this place.
 C = Inter-level travel time spent in this place.
 D = Time resting spent in this place.
 E = Time spent auto-exploring this place.
 F = Levels seen in this place.
 G = Mean time per level.
                   A        B        C        D        E       F      G
               +--------+--------+--------+--------+--------+-----+--------+
         Total |   1138 |   1103 |     35 |      0 |    833 |   2 |  569.0 |
       Dungeon |   1138 |   1103 |     35 |      0 |    833 |   2 |  569.0 |
               +--------+--------+--------+--------+--------+-----+--------+

Top non-repeatable levels by time:
     D:1: 604 daAuts
     D:2: 534 daAuts
